AoeStats
← RDA Ronan

African Clearing

505329468Analyzed
4v4 RM · 23d ago on Sep 8, 2026· 52m 57s· 8 players
Game mode
Random Map
Map size
Large (8 player)
Population
200
Speed
Normal
Resources
Standard
Victory
Conquest
Starting age
Dark Age
Ending age
Imperial Age
RankedLock teamsTeams togetherTeam positionsShared explorationLock speedFull tech treeHidden civsTurbo modeCheats
Victory
Defeat
1438
+9
🇳🇴 Gurjaras · Norway
1413
+10
🇺🇸 Bohemians · United States
1395
+11
🇨🇱 Cumans · Chile
1349
+12
🇦🇷 Byzantines · Argentina
1453
-17
🇦🇷 Vietnamese · Argentina
1236
-9
🇦🇷 Armenians · Argentina
1215
-8
🇦🇷 Aztecs · Argentina
1203
-8
LEÑA
6:29 Loom
13:18 Feudal Age
13:54 Double-Bit Axe
13:50 Horse Collar
19:01 Wheelbarrow
22:21 Castle Age
21:46 Scale Barding Armor
23:35 Bow Saw
23:26 Heavy Plow
25:40 Forging
26:13 Chain Barding Armor
29:44 Bloodlines
31:14 Iron Casting
33:26 Pikeman
34:34 Gold Mining
43:04 Imperial Age
40:52 Hand Cart
43:02 Fletching
43:05 Cavalier
45:21 Plate Barding Armor
45:46 Blast Furnace
45:31 Squires
45:02 Paladin
53:42 Two-Man Saw
53:13 Crop Rotation
Snavle
6:29 Loom
12:43 Feudal Age
13:38 Double-Bit Axe
26:41 Castle Age
24:42 Fletching
27:29 Padded Archer Armor
30:43 Elite Skirmisher
45:05 Bow Saw
52:06 Horse Collar
52:58 Town Watch
Bungo
12:12 Loom
14:22 Feudal Age
14:58 Double-Bit Axe
14:56 Fishing Lines
21:03 Castle Age
22:02 Bow Saw
22:00 Squires
22:30 Pikeman
23:57 Town Watch
25:59 Horse Collar
28:44 Wheelbarrow
31:09 Wagenburg Tactics
35:21 Imperial Age
34:58 Chemistry
36:13 Padded Archer Armor
38:16 Two-Man Saw
39:03 Leather Archer Armor
38:54 Scale Barding Armor
38:59 Siege Engineers
39:06 Houfnice
41:29 Conscription
40:30 Elite Hussite Wagon
43:20 Ring Archer Armor
44:23 Fletching
44:47 Masonry
44:58 Ballistics
44:25 Arrowslits
44:21 Treadmill Crane
44:37 Murder Holes
46:56 Bodkin Arrow
47:34 Architecture
47:25 Bombard Tower
51:16 Bracer
[GDL] ColimoteStudioS
3:04 Loom
12:13 Feudal Age
14:09 Fletching
14:10 Double-Bit Axe
16:20 Padded Archer Armor
19:25 Horse Collar
22:38 Wheelbarrow
23:43 Gold Mining
26:13 Castle Age
26:15 Crossbowman
26:52 Bodkin Arrow
27:34 Leather Archer Armor
28:46 Thumb Ring
29:19 Ballistics
41:41 Town Watch
48:46 Imperial Age
46:34 Hand Cart
50:43 Chemistry
49:45 Bracer
50:40 Arbalester
52:38 Bow Saw
52:31 Heavy Plow
53:09 Gold Shaft Mining
RDA Ghosti
3:26 Loom
11:40 Feudal Age
12:24 Double-Bit Axe
16:05 Fletching
20:00 Arson
21:46 Padded Archer Armor
24:33 Horse Collar
24:45 Gold Mining
28:38 Castle Age
29:25 Crossbowman
30:58 Bodkin Arrow
RDA | Damiii el TORO
4:06 Loom
15:10 Feudal Age
22:41 Castle Age
20:43 Scale Mail Armor
20:22 Man-at-Arms
21:11 Double-Bit Axe
21:29 Long Swordsman
22:22 Forging
23:21 Gambesons
22:59 Two-Handed Swordsman
25:10 Squires
32:38 Chain Mail Armor
[TBArg] kaos_leo
10:39 Loom
12:59 Feudal Age
13:31 Double-Bit Axe
22:13 Castle Age
21:07 Forging
21:25 Scale Barding Armor
22:20 Light Cavalry
23:39 Iron Casting
23:49 Horse Collar
24:54 Bow Saw
30:38 Heavy Plow
32:43 Husbandry
35:51 Wheelbarrow
38:35 Imperial Age
36:30 Gold Mining
37:17 Hand Cart
37:08 Pikeman
37:50 Scale Mail Armor
38:23 Squires
38:57 Chain Mail Armor
38:37 Arson
39:50 Crop Rotation
40:27 Two-Man Saw
39:53 Halberdier
41:16 Plate Mail Armor
41:41 Chain Barding Armor
40:43 Light Cavalry
42:26 Conscription
42:45 Hussar
44:15 Plate Barding Armor
43:40 Capped Ram
47:29 Siege Ram
RDA Ronan
6:36 Loom
14:26 Feudal Age
18:02 Castle Age
16:59 Scale Mail Armor
17:21 Stone Mining
17:46 Double-Bit Axe
17:44 Horse Collar
19:40 Bow Saw
20:13 Chain Mail Armor
20:12 Gold Mining
23:08 Squires
25:33 Town Watch
26:17 Fletching
30:29 Bodkin Arrow
39:49 Heavy Plow
40:28 Wheelbarrow
45:02 Forging
Connection lost

Rejoining the realm…

Still unreachable

The connection could not be restored.

Session expired

The server has moved on; the page needs a fresh start.